 Dungeon Crawl Stone Soup version 0.31.0-4-g52a2dc7128 (webtiles) character file.

Game seed: 13401762947166143769

0 Xavori the Trooper (level 1, 0/11 HPs)
             Began as a Vine Stalker Chaos Knight on Jan 22, 2024.
             Was a Plaything of Xom.
             Slain by a gnoll
             ... wielding a +0 whip
              (6 damage)
             ... on level 1 of the Dungeon.
             The game lasted 00:00:02 (30 turns).

Xavori the Trooper (Vine Stalker Chaos Knight)        Turns: 30, Time: 00:00:04

Health: 0/11       AC:  5    Str: 14    XL:     1   Next: 10%
Magic:  0/2        EV: 11    Int: 12    God:    Xom [.*....]
Gold:   10         SH:  0    Dex: 13    Spells: 0/0 levels left

rFire   . . .        a - +0 short sword (chaos)
rCold   . . .        (no shield)
rNeg    . . .        b - +2 leather armour
rPois   .            (no helmet)
rElec   .            (no cloak)
rCorr   .            (no gloves)
SInv    .            (no boots)
Will    .....        (no amulet)
Stlth   +            (no ring)
HPRegen 1.01/turn    (no ring)
MPRegen 0.08/turn

%: guardian spirit
@: no status effects
A: fangs 2, regeneration 1, magic shield, antimagic bite, no potion heal 2
a: Renounce Religion


You were on level 1 of the Dungeon.
You worshipped Xom.
You were a plaything of Xom.
You visited 1 branch of the dungeon, and saw 1 of its levels.

You collected 10 gold pieces.

Inventory:

Hand Weapons
 a - a +0 short sword of chaos (weapon)
Armour
 b - a +2 leather armour (worn)
Scrolls
 c - a scroll of butterflies
Potions
 d - a potion of magic {unknown}


   Skills:
 + Level 2.7 Fighting
 + Level 2.6 Short Blades
 + Level 1.5 Armour
 + Level 0.7 Dodging


You couldn't memorise any spells.
You didn't know any spells.
Your spell library was empty.

Dungeon Overview and Level Annotations

Branches:
Dungeon (1/15)

Altars:


Innate Abilities, Weirdness & Mutations

You have extremely sharp teeth.
Your natural rate of healing is unusually fast.
When hurt, damage is shared between your health and your magic reserves.
Your bite disrupts and absorbs the magic of your enemies.
Potions cannot restore your health.


Message History

No target in view!
You see here a +0 spear.
A gnoll comes into view. It is wielding a +0 whip.
The gnoll shouts!
You are now a plaything of Xom.
You hear a bark!
A jackal comes into view.
You hear an angry hiss.
The jackal barks!
A jackal comes into view.
The jackal barks!
A jackal comes into view.
A ball python comes into view.
The jackal barks!
The ball python hisses angrily.
The gnoll closely misses you.
You barely miss the gnoll.
The ball python bites you but does no damage.
The ball python misses you.
You hit the gnoll.
The gnoll seems to slow down.
The gnoll is lightly wounded.
The ball python bites you but does no damage.
The ball python grabs you. The ball python constricts you.
The gnoll hits you with a +0 whip.
A shower of butterflies erupts from you!
You hit the ball python. You burn the ball python.
You kill the ball python!
The gnoll is no longer moving slowly.
The jackal barely misses you.
You swap places.
The gnoll closely misses your butterfly.
The jackal misses your butterfly.
You swap places.
The jackal bites you but does no damage.
The gnoll hits you with a +0 whip.
You hit the gnoll but do no damage.
The gnoll is lightly wounded.
The jackal bites you but does no damage.
The gnoll hits you with a +0 whip!
Ouch! That really hurt!
You die...
Xom thinks this is hilarious!

...... ... ..... ....
.... ...... ... #.....
.. .. ###...###. ##.
#..........
#####.h####..........
#...bhg@.b...###...###
..#..h####...#......<#..
#.. #...#.......#[. ...
##............. ###
#......#......
##)............
#...#.......#..
#...#>......#..
#...###...###..


You could see a gnoll (ally target) and 3 jackals.

Vanquished Creatures
  A ball python (D:1)
1 creature vanquished.

Notes
Turn   | Place    | Note
-------+----------+-------------------------------------------
     0 | D:1      | Xavori the Vine Stalker Chaos Knight began the quest for
                  | the Orb.
     0 | D:1      | Reached XP level 1. HP: 11/11 MP: 2/2
    26 | D:1      | XOM: butterfly on damage
    30 | D:1      | Slain by a gnoll

Illustrated notes

Levels and vault maps discovered:
D:1:      minmay_arrival_open_corners, layout_rooms, st_stairs_10

Action                     || total
---------------------------++-------
  Melee: Short sword       ||     4
 Armour: Leather armour    ||     7
  Dodge: Dodged            ||     3
